cohdb
Replays
Latest Replays
All Replays
Popular Replays
Top Player Replays
Match Explorer
How It Works
Community
CoH3 Stats
Reddit
Sign in to upload your games and track your stats! →
Sign in with Steam
Match 45508672
Unlisted
Match 45508672
Overview
Messages
Build Orders
End
Royal Engineer Section
Construct Section Command Post
Selects Canadian Shock Battlegroup
Dingo Light Scout Car
Infantry Section
Infantry Section
Construct Platoon Command Post
Vickers Machine Gun Team
Humber Armored Car
Selects Attacking Spirit
Selects Canadian Shock Section
Unlock M3 Stuart Light Tanks
6-pounder Anti-tank Gun Team
Grenade Package
M3 Stuart Light Tank
M3 Stuart Light Tank
M3 Stuart Light Tank
Canadian Shock Section
Selects Burnout
Selects Pyrotechnics
Selects Churchill Crocodile Heavy Tank
Burnout
matjouz
Nelton
0
0
Comments
sign in to comment!
No comments posted yet!